 Dungeon Crawl Stone Soup version 0.27-a0-911-gfacc31910f (webtiles) character file.

Game seed: 14724188186969722735

422 DarkShadow the Chopper (level 6, -5/53 HPs)
             Began as a Minotaur Fighter on Apr 9, 2021.
             Succumbed to an orc wizard's poison
             ... on level 4 of the Dungeon.
             The game lasted 00:07:28 (3760 turns).

DarkShadow the Chopper (Minotaur Fighter)           Turns: 3760, Time: 00:07:29

Health: -5/53      AC:  7    Str: 23    XL:     6   Next: 63%
Magic:  5/5        EV: 12    Int:  5    God:
Gold:   205        SH: 11    Dex:  9    Spells: 5/5 levels left

rFire    . . .     SeeInvis .   a - +2 war axe
rCold    . . .     Faith    .   c - +1 kite shield
rNeg     . . .     Spirit   .   b - +0 scale mail
rPois    .         Reflect  .   (helmet restricted)
rElec    .         Harm     .   (no cloak)
rCorr    .         Rampage  .   (no gloves)
Will     .....                  (no boots)
Stlth    ..........             (no amulet)
HPRegen  0.17/turn              p - +4 ring of evasion
MPRegen  0.09/turn              (no ring)

@: mighty, lethally poisoned (-5 -> -38)
A: horns 2, retaliatory headbutt
a: no special abilities


You were on level 4 of the Dungeon.
You visited 1 branch of the dungeon, and saw 4 of its levels.

You collected 205 gold pieces.

Inventory:

Hand Weapons
 a - a +2 war axe (weapon)
Armour
 b - a +0 scale mail (worn)
 c - a +1 kite shield (worn)
Jewellery
 i - a ring of fire
 p - a +4 ring of evasion (left hand)
Wands
 q - a wand of paralysis (7)
Scrolls
 h - a scroll of identify
 j - a scroll of blinking {unknown}
 n - a scroll of enchant armour
Potions
 d - a potion of might
 e - 3 potions of brilliance
 f - 2 potions of attraction {unknown}
 g - 2 potions of lignification {unknown}
 k - a potion of berserk rage {unknown}
 l - a potion of curing {unknown}
 m - a potion of resistance {unknown}


   Skills:
 + Level 4.5 Fighting
 + Level 5.9 Axes
 + Level 5.2 Armour
 + Level 1.2 Dodging
 + Level 0.3 Stealth
 + Level 5.1 Shields


You had 5 spell levels left.
You didn't know any spells.
Your spell library contained the following spells:

 Spells                   Type           Power      Damage    Failure   Level
 Animate Skeleton         Necr           0%         N/A       99%         1
 Apportation              Tloc           0%         N/A       99%         1
 Corona                   Hex            0%         N/A       99%         1
 Summon Small Mammal      Summ           0%         N/A       99%         1


Dungeon Overview and Level Annotations

Branches:
Dungeon (4/15)
 Temple: D:4-7

Altars:

Shops:
D:4 (


Innate Abilities, Weirdness & Mutations

You have a pair of horns on your head.
You reflexively headbutt those who attack you in melee.


Message History

You miss something. Something hits you but does no damage.
You are poisoned.
You miss something. Your headbutt misses something.
You feel very sick. Something hits you but does no damage.
You are more poisoned.
You hear some strange, mumbled words.
You are confused.
You bump into the rock wall.
You feel very sick. Something hits you but does no damage.
You are more poisoned.
You bump into the rock wall.
You feel very sick. Something hits you but does no damage.
You are lethally poisoned!
You miss something. Your headbutt misses something.
* * * LOW HITPOINT WARNING * * *
You feel extremely sick. Something completely misses you.
You bump into the rock wall.
* * * LOW HITPOINT WARNING * * *
You feel very sick. Something hits you but does no damage.
You are more poisoned.
You miss something.
You feel less confused.
* * * LOW HITPOINT WARNING * * *
You feel very sick. You block something's attack.
You miss something. You headbutt something!
* * * LOW HITPOINT WARNING * * *
You feel very sick. Something hits you but does no damage.
You are more poisoned.
Something hits you but does no damage.
You are more poisoned.
Okay, then.
You feel very mighty all of a sudden.
You die...

#########.#
#.........#####
#####.#####.......#
#[........#.#.###.#
#.###.###.#.#.# #.#
#.# #.#.# #.# #.#
#.#.###.#
###############.#
#.#[....#
#...)........##@#
#.#######.#
#.##########.##{#
#.#.....#.# #.#
#.##?# #.#)###.#.##
#.# #.##.# #.#.#
#.#.#. #.# #.##..
#)#.# #.#.#. #.#
#.########.#.# #.#.#.
#.# #..(.......#.#
#.#.#. #.#
############.###.#.#.
#.#######
#######.#<..#.#.


There were no monsters in sight!

Vanquished Creatures
  An ogre (D:4)
  A scorpion (D:4)
  An orc priest (D:4)
  A gnoll shaman (D:4)
  A hound (D:3)
  An orc wizard (D:3)
  2 hound skeletons (D:4)
  4 adders (D:2)
  3 worms (D:2)
  3 dart slugs
  9 orcs
  5 ball pythons
  5 bats
  7 endoplasms
  3 giant cockroaches
  4 goblins
  4 hobgoblins
  6 jackals
  10 kobolds
  2 quokkas
  3 frilled lizards
  6 rats
82 creatures vanquished.

Notes
Turn   | Place    | Note
-------+----------+-------------------------------------------
     0 | D:1      | DarkShadow the Minotaur Fighter began the quest for the
                  | Orb.
     0 | D:1      | Reached XP level 1. HP: 19/19 MP: 0/0
   316 | D:1      | Reached XP level 2. HP: 26/27 MP: 1/1
   807 | D:1      | Found a faded altar of an unknown god.
  1056 | D:2      | Reached XP level 3. HP: 33/33 MP: 2/2
  1893 | D:2      | Reached XP level 4. HP: 40/40 MP: 3/3
  2284 | D:3      | Reached XP level 5. HP: 26/46 MP: 4/4
  3376 | D:4      | Reached skill level 1 in Dodging
  3393 | D:4      | Reached skill level 5 in Axes
  3397 | D:4      | Reached XP level 6. HP: 35/53 MP: 5/5
  3538 | D:4      | Found Lifenig's Antique Weapon Emporium.
  3694 | D:4      | Reached skill level 5 in Armour
  3694 | D:4      | Reached skill level 5 in Shields
  3759 | D:4      | HP: 2/53 [poisoned by an orc wizard]
  3760 | D:4      | Succumbed to an orc wizard's poison

Illustrated notes

Levels and vault maps discovered:
D:1:      heliophobic_arrival_glass_houses, layout_loops_ring,
          shapermc_ecumenical_altar_mp_vishouse
D:2:      layout_basic, minmay_three_crescents
D:3:      layout_basic, chequers_serial_rivers_small_b, kennysheep_boxes
D:4:      layout_basic, serial_shops, shop, minmay_circle_x

Skill      XL: |  1  2  3  4  5  6 |
---------------+-------------------+-----
Armour         | 4 5 |  5.2
Shields        | 4 5 |  5.1
Axes           | 3 4 5 |  5.9
Fighting       | 4 |  4.5
Dodging        | 1 |  1.2
Stealth        | |  0.3

Action                   |  1- 3 |  4- 6 || total
-------------------------+-------+-------++-------
Melee: War axe           |    99 |    98 ||   197
       Headbutt          |    11 |    17 ||    28
  Use: Scroll            |       |     7 ||     7
       Potion            |       |     1 ||     1
Armor: Scale mail        |    51 |    49 ||   100
Dodge: Dodged            |    35 |    43 ||    78
Block: Kite shield       |    80 |    61 ||   141

Table legend: (Time is in decaauts)
 A = Elapsed time spent in this place.
 B = Non-inter-level travel time spent in this place.
 C = Inter-level travel time spent in this place.
 D = Time resting spent in this place.
 E = Time spent auto-exploring this place.
 F = Levels seen in this place.
 G = Mean time per level.
                   A        B        C        D        E       F      G
               +--------+--------+--------+--------+--------+-----+--------+
         Total |   3863 |   3843 |     20 |    923 |   1908 |   4 |  965.8 |
       Dungeon |   3863 |   3843 |     20 |    923 |   1908 |   4 |  965.8 |
               +--------+--------+--------+--------+--------+-----+--------+

Top non-repeatable levels by time:
     D:2: 1199 daAuts
     D:3: 1139 daAuts
     D:1: 1077 daAuts
     D:4: 447 daAuts
